[Event "Prague Open 2024"]
[Site "Prague"]
[Date "2024.01.06"]
[Round "2.1"]
[White "Agdestein, Simen"]
[Black "Svobodova, Michaela"]
[Result "1-0"]
[ECO "B10"]
[WhiteElo "2568"]
[BlackElo "1979"]
[Annotator "TA"]
[PlyCount "89"]
[EventDate "2024.01.02"]
[EventType "swiss"]
[EventCountry "CZE"]
[SourceTitle "playchess.com"]
[Source "ChessBase"]
[SourceQuality "1"]
[TimeControl "40/5400+30:1800+30"]

1. c4 c6 2. e4 d5 3. exd5 cxd5 4. cxd5 Nf6 5. Qa4+ Bd7 6. Qb3 {[%emt 0:00:24] B10: Caro-Kann: 2 d3 and 2 c4.} Qb6 7. Nc3 Na6 8. Bxa6 $5 {[%emt 0:05:14][%mdl 4] White is slightly better. Exploring less charted territory.} Qxa6 9. Nge2 g6 10. O-O Bg7 11. d4 O-O 12. Bf4 {[%emt 0:00:59] [#]} Rfd8 $146 (12... Bf5 $11) ({Predecessor:} 12... b5 13. Rfe1 Rfe8 14. Be5 Qb6 15. Ng3 a5 16. a4 b4 17. Nce4 Rac8 18. h3 Qb7 {1-0 Rey Besada,F (2211)-Lopez,C (1815) Villa Martelli Pro Am op 15th 2008 (9.21)}) 13. Bc7 $14 Rdc8 14. Be5 Rc4 15. a4 (15. Rfe1 $14) 15... Rd8 (15... Ng4 $5 ) 16. Rfe1 Rcc8 {[%emt 0:08:23] Prevents d6.} 17. a5 Bf5 18. Nf4 Rd7 {[%emt 0:05:46] White leaves nothing to chance now.} 19. h3 g5 {[%emt 0:02:56] [#]} 20. Nfe2 Bd3 21. Ng3 Qc4 22. Qd1 {[%emt 0:02:35][%cal Od5d6] And now d6! would win.} Nxd5 (22... Bg6 $16 {is a better defense.}) 23. Qg4 Rcd8 24. Bxg7 (24. Qxg5 $2 {perishes.} f6 25. Qg4 fxe5 $19) (24. Nxd5 $6 Rxd5 25. Bxg7 (25. Qxg5 $2 f6 $19 {[%mdl 64] Deflection, Double Attack}) 25... Kxg7 $16) 24... Kxg7 25. Qxg5+ Kh8 26. Nxd5 Qxd5 27. Qxd5 Rxd5 28. Rxe7 $40 {[%emt 0:00:06][%mdl 128] White wants a kill.} R8d7 29. Rae1 Rxd4 (29... Rxe7 {was necessary.} 30. Rxe7 Kg7 31. Rxb7 Rxa5) 30. Nh5 $18 Rxe7 31. Rxe7 {[%emt 0:00:03][%cal Re7e8][%mdl 4096] Endgame KRB-KRN} h6 32. Rxb7 Bg6 33. Nf6 Kg7 34. Ng4 Rd1+ 35. Kh2 Rd2 36. f3 {[%emt 0:03:05] Prevents Be4} ({Don't play} 36. Rxa7 Rxb2 37. Kg3 Re2) 36... h5 $2 (36... Re2 37. Kg1 (37. Rxa7 h5 $16) 37... h5) 37. Ne5 Kf6 38. Nxg6 fxg6 {[%emt 0:00:05] KR-KR} 39. b4 Rb2 40. b5 {[%emt 0:00:54][%cal Ob5b6] Strongly threatening b6!} Kg5 41. a6 h4 42. Rxa7 Rxb5 43. Ra8 {[%emt 0:00:25] White threatens a7 and mate.} Ra5 44. a7 Ra1 {[%emt 0:01:45] [#]} 45. f4+ $1 {[%emt 0:00:32][%mdl 64] Promotion.   Weighted Error Value: White=0.08 (flawless) /Black=0.45} 1-0

[Event "Prague Open 2024"]
[Site "Prague"]
[Date "2024.01.06"]
[Round "2.2"]
[White "Durana, Jonas"]
[Black "Poetsch, Hagen"]
[Result "0-1"]
[ECO "B23"]
[WhiteElo "1977"]
[BlackElo "2471"]
[Annotator "TA"]
[PlyCount "66"]
[EventDate "2024.01.02"]
[EventType "swiss"]
[EventCountry "CZE"]
[SourceTitle "playchess.com"]
[Source "ChessBase"]
[SourceQuality "1"]
[TimeControl "40/5400+30:1800+30"]

1. e4 c5 2. Nc3 e6 3. f4 d5 4. d3 Nc6 5. Nf3 g6 6. g3 {B23: Closed Sicilian: Lines without g3.} Bg7 7. Bd2 Nge7 8. Bg2 {Black has an edge.} O-O 9. Rb1 b6 10. O-O Ba6 11. Re1 d4 12. Ne2 {[#]} Rc8 $146 ({Predecessor:} 12... c4 13. dxc4 Bxc4 14. b3 Ba6 15. Nc1 Rc8 16. Nd3 Qd6 17. a4 Rfd8 18. b4 Bb7 {0-1 Di Paolo,M (1926)-Suarez Gomez,J (2474) Andorra op 35th 2017 (1)}) 13. b3 b5 (13... f5 $5 ) 14. g4 c4 15. b4 c3 16. Bc1 Bb7 17. Ng3 a5 18. Ba3 (18. bxa5 $11 {keeps the balance.} Qxa5 19. f5) 18... axb4 $17 19. Bxb4 Nxb4 20. Rxb4 Bc6 21. Ne2 Qb6 22. Qb1 (22. Nfxd4 $2 {too greedy.} Bxd4+ 23. Nxd4 Rfd8 $19) (22. Nexd4 $2 Rfd8 23. Qc1 Bxd4+ $19) 22... Qa7 23. Kh1 (23. Nfxd4 $2 {is the wrong capture.} Rfd8 24. e5 Nd5 25. Bxd5 Bxd5 $19) 23... Rfd8 {Black is more active.} 24. e5 {This move loses the game for White.} (24. a3 $17 {is a better defense.}) 24... Nd5 $19 25. Nfxd4 $2 {[#]} (25. Rxd4 {was the only chance.} Bf8 26. Ng5) 25... Nxb4 26. Qxb4 Bxg2+ 27. Kxg2 Bf8 ({Worse is} 27... Qxa2 28. Qxb5 Bf8 29. Qb1 Qd5+ 30. Kg3 $17) 28. Qxb5 Rxd4 29. Nxd4 Qxd4 30. Re4 Qd8 31. a4 Rb8 32. Qc4 Qd5 33. Qxc3 Rb4 {Weighted Error Value: White=0.33/Black=0.13 (very precise)} 0-1

[Event "Prague Open 2024"]
[Site "Prague"]
[Date "2024.01.06"]
[Round "2.3"]
[White "Shagbazyan, Taron"]
[Black "Dushatov, Timur"]
[Result "0-1"]
[ECO "A40"]
[WhiteElo "2403"]
[BlackElo "1976"]
[Annotator "RC"]
[PlyCount "90"]
[EventDate "2024.01.02"]
[EventType "swiss"]
[EventCountry "CZE"]
[SourceTitle "playchess.com"]
[Source "ChessBase"]
[SourceQuality "1"]
[TimeControl "40/5400+30:1800+30"]

1. d4 g6 2. Nf3 Bg7 3. Bf4 Nf6 4. e3 d6 5. h3 O-O 6. Be2 Nfd7 7. O-O Nc6 8. c4 e5 9. Bg3 h6 10. Nc3 f5 11. dxe5 dxe5 12. Nd5 g5 13. Qc2 Ne7 14. Rfd1 c6 15. Nc3 Qe8 16. b4 Ng6 17. Nd2 Nf6 18. c5 f4 19. exf4 gxf4 20. Bh2 Nh4 21. f3 Bf5 22. Bc4+ Kh8 23. Nde4 Qh5 24. Qf2 Bxe4 25. Nxe4 Nf5 26. Rac1 Nxe4 27. fxe4 Nd4 28. Kh1 Rad8 29. Bf1 Bf6 30. Bg1 Rg8 31. Rd3 f3 32. Bh2 fxg2+ 33. Bxg2 Bh4 34. Qb2 Rgf8 35. Rcd1 Rf2 36. R3d2 Qxd1+ 37. Rxd1 Rxb2 38. Bxe5+ Kg8 39. Rxd4 Rxd4 40. Bxd4 Rxb4 41. Be5 Kf7 42. Bf3 Bf6 43. Bd6 Be7 44. Bh5+ Kf8 45. e5 Bxd6 0-1

[Event "Prague Open 2024"]
[Site "Prague"]
[Date "2024.01.06"]
[Round "2.4"]
[White "Striskova, Lucia"]
[Black "Neuman, Petr"]
[Result "0-1"]
[ECO "B57"]
[WhiteElo "1975"]
[BlackElo "2398"]
[Annotator "RC"]
[PlyCount "132"]
[EventDate "2024.01.02"]
[EventType "swiss"]
[EventCountry "CZE"]
[SourceTitle "playchess.com"]
[Source "ChessBase"]
[SourceQuality "1"]
[TimeControl "40/5400+30:1800+30"]

1. e4 c5 2. Nf3 d6 3. d4 cxd4 4. Nxd4 Nf6 5. Nc3 Nc6 6. Bc4 Bd7 7. Be3 Ng4 8. Nxc6 bxc6 9. Qf3 Ne5 10. Qe2 Nxc4 11. Qxc4 e6 12. O-O Be7 13. Qd4 O-O 14. e5 d5 15. Na4 Qc7 16. f4 Rfb8 17. Nc5 Bxc5 18. Qxc5 Rb5 19. Qc3 c5 20. a4 Rb4 21. Qxc5 Qxc5 22. Bxc5 Rxb2 23. c3 a6 24. a5 Rab8 25. Rad1 R8b3 26. Bb4 Bb5 27. Rf2 Rxf2 28. Kxf2 Rb2+ 29. Kg1 h5 30. h3 Ra2 31. Rd4 Kh7 32. f5 exf5 33. Rf4 Bd3 34. Rf2 Ra1+ 35. Kh2 g5 36. h4 g4 37. Kg3 Kg6 38. Rb2 Rf1 39. Rf2 Re1 40. Bd6 Be4 41. Kf4 Rg1 42. Kg3 f4+ 43. Kxf4 Bxg2 44. Rb2 Be4 45. Bc5 Rf1+ 46. Bf2 Bf5 47. Ke3 Rh1 48. Kf4 Rh2 49. Rb6+ Be6 50. Kg3 Rh3+ 51. Kg2 Rxc3 52. Rxa6 Ra3 53. Ra8 Kf5 54. a6 Ke4 55. a7 d4 56. Rd8 Bd5 57. Rd7 Kxe5+ 58. Kf1 f5 59. Bg3+ Ke4 60. Re7+ Kf3 61. Be1 Ra1 62. Re5 Be4 63. Ra5 Bd3+ 64. Kg1 Rxe1+ 65. Kh2 g3+ 66. Kh3 Rh1# 0-1

[Event "Prague Open 2024"]
[Site "Prague"]
[Date "2024.01.06"]
[Round "2.5"]
[White "Sowinski, Pawel"]
[Black "Zielonka, Adam"]
[Result "1-0"]
[ECO "B46"]
[WhiteElo "2357"]
[BlackElo "1966"]
[Annotator "RC"]
[PlyCount "65"]
[EventDate "2024.01.02"]
[EventType "swiss"]
[EventCountry "CZE"]
[SourceTitle "playchess.com"]
[Source "ChessBase"]
[SourceQuality "1"]
[TimeControl "40/5400+30:1800+30"]

1. e4 c5 2. Nf3 e6 3. d4 cxd4 4. Nxd4 Nc6 5. Nc3 a6 6. Nxc6 bxc6 7. Bd3 d5 8. O-O Nf6 9. Re1 Be7 10. e5 Nd7 11. Qg4 Kf8 12. b3 Bb7 13. Na4 c5 14. Qh5 Kg8 15. Bf4 g6 16. Qf3 Qc7 17. c4 d4 18. Qh3 a5 19. Re2 Nb6 20. Bh6 Ra6 21. f4 Nxa4 22. bxa4 Rb6 23. Rf1 Bf8 24. Bg5 Bg7 25. Qh4 Qc8 26. Bf6 Bxf6 27. exf6 Qf8 28. f5 Bc8 29. Rfe1 Rd6 30. Re5 Rb6 31. Qg5 h6 32. Qg3 g5 33. fxe6 1-0

[Event "Prague Open 2024"]
[Site "Prague"]
[Date "2024.01.06"]
[Round "2.6"]
[White "Rybackova, Lucie"]
[Black "Ivanov, Mike"]
[Result "0-1"]
[ECO "A46"]
[WhiteElo "1970"]
[BlackElo "2356"]
[Annotator "RC"]
[PlyCount "66"]
[EventDate "2024.01.02"]
[EventType "swiss"]
[EventCountry "CZE"]
[SourceTitle "playchess.com"]
[Source "ChessBase"]
[SourceQuality "1"]
[TimeControl "40/5400+30:1800+30"]

1. d4 Nf6 2. Nf3 c5 3. g3 cxd4 4. Nxd4 d5 5. Nb3 e5 6. Bg2 Be6 7. Nc3 h6 8. O-O Nc6 9. f4 exf4 10. Bxf4 Qb6+ 11. Kh1 Rd8 12. Qe1 d4 13. Ne4 Nd5 14. Rd1 Be7 15. Qf2 Nxf4 16. gxf4 f5 17. Ng3 O-O 18. Rg1 Kh7 19. Bf3 g6 20. Qg2 Rg8 21. Qf2 Bf6 22. Nf1 Nb4 23. e3 dxe3 24. Nxe3 Bxb3 25. axb3 Bd4 26. Rxd4 Qxd4 27. c3 Nd3 28. Qe2 Nxf4 29. cxd4 Nxe2 30. Bxe2 Rge8 31. Bh5 gxh5 32. Nxf5 Rf8 33. Ng7 Rg8 0-1

[Event "Prague Open 2024"]
[Site "Prague"]
[Date "2024.01.06"]
[Round "2.7"]
[White "Gomes, Mary Ann"]
[Black "Shapovalovi, Vasiko"]
[Result "1/2-1/2"]
[ECO "A05"]
[WhiteElo "2332"]
[BlackElo "1965"]
[Annotator "RC"]
[PlyCount "75"]
[EventDate "2024.01.02"]
[EventType "swiss"]
[EventCountry "CZE"]
[SourceTitle "playchess.com"]
[Source "ChessBase"]
[SourceQuality "1"]
[TimeControl "40/5400+30:1800+30"]

1. Nf3 Nf6 2. c4 e6 3. g3 b6 4. Bg2 Bb7 5. b3 Be7 6. Bb2 O-O 7. O-O d5 8. e3 Nbd7 9. Nc3 Ne4 10. cxd5 Nxc3 11. dxc3 Bxd5 12. c4 Bb7 13. Qc2 c5 14. Ng5 Bxg5 15. Bxb7 Rb8 16. Bg2 Bf6 17. Rad1 Qc7 18. Rd2 Rfd8 19. f4 Bxb2 20. Qxb2 Nf6 21. Rfd1 Rxd2 22. Qxd2 Re8 23. h3 Re7 24. Qd8+ Qxd8 25. Rxd8+ Re8 26. Rxe8+ Nxe8 27. Bc6 Nc7 28. e4 f6 29. e5 fxe5 30. fxe5 Na6 31. a3 Nb8 32. Bb5 Kf7 33. Kf2 Ke7 34. Ke3 Kd8 35. h4 Kc7 36. h5 h6 37. g4 Nc6 38. Bxc6 1/2-1/2

[Event "Prague Open 2024"]
[Site "Prague"]
[Date "2024.01.06"]
[Round "2.8"]
[White "Pousada Garcia, Victor Daniel"]
[Black "Berin, Artem"]
[Result "1/2-1/2"]
[ECO "C44"]
[WhiteElo "1965"]
[BlackElo "2327"]
[Annotator "RC"]
[PlyCount "109"]
[EventDate "2024.01.02"]
[EventType "swiss"]
[EventCountry "CZE"]
[SourceTitle "playchess.com"]
[Source "ChessBase"]
[SourceQuality "1"]
[TimeControl "40/5400+30:1800+30"]

1. e4 e5 2. Nf3 Nc6 3. d4 exd4 4. c3 d3 5. Bxd3 Bc5 6. Bg5 Nge7 7. Nbd2 d6 8. h3 a5 9. Nb3 Bb6 10. Nbd4 Ne5 11. Nxe5 dxe5 12. Nf5 Bxf5 13. exf5 f6 14. Qh5+ Kf8 15. O-O-O Qe8 16. Qxe8+ Kxe8 17. Bh4 c6 18. Rhe1 Rd8 19. g4 Kf7 20. Bg3 Nd5 21. Re4 Rhe8 22. Bc4 Kf8 23. h4 Bc7 24. g5 b5 25. Be2 Ne7 26. Bg4 Rd5 27. f4 Rxd1+ 28. Kxd1 exf4 29. Bxf4 Bxf4 30. Rxf4 Nd5 31. Rd4 Ne3+ 32. Kd2 c5 33. Rf4 Nc4+ 34. Kc2 Re1 35. a4 Rg1 36. Be2 Ne3+ 37. Kd3 Nd5 38. Re4 Rg3+ 39. Kd2 bxa4 40. Rxa4 fxg5 41. hxg5 Rxg5 42. Rxa5 Nf4 43. Rxc5 Nxe2 44. Kxe2 Rg2+ 45. Kf3 Rxb2 46. Rc7 Rb1 47. Kg4 Rg1+ 48. Kf4 h5 49. c4 h4 50. Rc8+ Kf7 51. Rh8 Rc1 52. Rxh4 Kf6 53. Rg4 Rxc4+ 54. Kf3 Rc7 55. Kf4 1/2-1/2

[Event "Prague Open 2024"]
[Site "Prague"]
[Date "2024.01.06"]
[Round "2.9"]
[White "Mis, Mieszko"]
[Black "Reichmann, Steffen"]
[Result "1-0"]
[ECO "A41"]
[WhiteElo "2301"]
[BlackElo "1963"]
[Annotator "RC"]
[PlyCount "41"]
[EventDate "2024.01.02"]
[EventType "swiss"]
[EventCountry "CZE"]
[SourceTitle "playchess.com"]
[Source "ChessBase"]
[SourceQuality "1"]
[TimeControl "40/5400+30:1800+30"]

1. d4 d6 2. Nf3 f5 3. g3 g6 4. Bg2 Nf6 5. O-O Bg7 6. Nbd2 O-O 7. Re1 Nc6 8. e4 fxe4 9. Nxe4 Nxe4 10. Rxe4 Bf5 11. Rh4 e5 12. Ng5 e4 13. Nxh7 Bxd4 14. Nxf8 Qxf8 15. Be3 Bf6 16. Qd5+ Qf7 17. Qxf7+ Kxf7 18. Rh7+ Bg7 19. Bh6 Rg8 20. g4 Bxg4 21. Bxe4 1-0

[Event "Prague Open 2024"]
[Site "Prague"]
[Date "2024.01.06"]
[Round "2.10"]
[White "Bech, Havard Eriksen"]
[Black "Grave, Jacob Templen"]
[Result "0-1"]
[ECO "A13"]
[WhiteElo "1955"]
[BlackElo "2296"]
[Annotator "RC"]
[PlyCount "72"]
[EventDate "2024.01.02"]
[EventType "swiss"]
[EventCountry "CZE"]
[SourceTitle "playchess.com"]
[Source "ChessBase"]
[SourceQuality "1"]
[TimeControl "40/5400+30:1800+30"]

1. c4 e6 2. g3 d5 3. Bg2 Nf6 4. Nf3 dxc4 5. Qa4+ Nbd7 6. Qxc4 a6 7. d4 b5 8. Qc6 Rb8 9. Bf4 Nd5 10. Bg5 Be7 11. Bxe7 Qxe7 12. O-O Bb7 13. Qc2 c5 14. Nc3 Nxc3 15. Qxc3 c4 16. a4 O-O 17. axb5 axb5 18. Ra7 Qd6 19. Ne5 Nxe5 20. dxe5 Qb6 21. Rxb7 Rxb7 22. Bxb7 Qxb7 23. Rd1 Qe4 24. e3 h5 25. h4 Ra8 26. Kh2 Qf3 27. Qe1 g6 28. Rd4 Ra2 29. Rf4 Qd5 30. Qb1 Qa8 31. Qc2 Ra1 32. Re4 Qd5 33. f3 Qd1 34. Qxd1 Rxd1 35. Rd4 Rxd4 36. exd4 b4 0-1

[Event "Prague Open 2024"]
[Site "Prague"]
[Date "2024.01.06"]
[Round "2.11"]
[White "Morchiashvili, Bachana"]
[Black "Cziko, Eduard-Carol"]
[Result "1-0"]
[ECO "E41"]
[WhiteElo "2295"]
[BlackElo "1946"]
[Annotator "RC"]
[PlyCount "25"]
[EventDate "2024.01.02"]
[EventType "swiss"]
[EventCountry "CZE"]
[SourceTitle "playchess.com"]
[Source "ChessBase"]
[SourceQuality "1"]
[TimeControl "40/5400+30:1800+30"]

1. d4 Nf6 2. c4 e6 3. Nc3 Bb4 4. e3 c5 5. Bd3 O-O 6. Nge2 b6 7. O-O cxd4 8. exd4 d5 9. cxd5 Nxd5 10. Nxd5 Qxd5 11. Nf4 Qd7 12. Nh5 Nc6 13. Bh6 1-0

[Event "Prague Open 2024"]
[Site "Prague"]
[Date "2024.01.06"]
[Round "2.12"]
[White "Mizicka, Matus"]
[Black "Keller, Peter"]
[Result "0-1"]
[ECO "C50"]
[WhiteElo "1953"]
[BlackElo "2289"]
[Annotator "RC"]
[PlyCount "100"]
[EventDate "2024.01.02"]
[EventType "swiss"]
[EventCountry "CZE"]
[SourceTitle "playchess.com"]
[Source "ChessBase"]
[SourceQuality "1"]
[TimeControl "40/5400+30:1800+30"]

1. e4 e5 2. Nf3 Nc6 3. Bc4 Bc5 4. O-O Nf6 5. d3 d6 6. c3 O-O 7. b4 Bb6 8. Bg5 h6 9. Bh4 Be6 10. Nbd2 a6 11. Re1 Qe7 12. Bd5 g5 13. Bxc6 bxc6 14. Nxg5 hxg5 15. Bxg5 Kg7 16. Qf3 Bd7 17. Nf1 Qe6 18. Ng3 Nh7 19. Nf5+ Kh8 20. Bh4 Qg6 21. d4 exd4 22. cxd4 Rae8 23. d5 f6 24. dxc6 Bxc6 25. Rac1 Bb7 26. Qf4 Rg8 27. Ng3 Re6 28. Kf1 Qg4 29. Qf5 Bc8 30. Qxg4 Rxg4 31. Nf5 Rgxe4 32. f3 Rxe1+ 33. Bxe1 Rxe1+ 34. Rxe1 Bxf5 35. Re7 Kg8 36. Re8+ Kf7 37. Ra8 Bd7 38. Ke2 Nf8 39. Kd2 Bb5 40. Kc3 Ke7 41. Kb3 d5 42. h4 Be2 43. h5 Be3 44. Rc8 Ne6 45. Rh8 d4 46. h6 d3 47. h7 d2 48. Re8+ Kd7 49. h8=Q d1=Q+ 50. Kb2 Qc1+ 0-1

[Event "Prague Open 2024"]
[Site "Prague"]
[Date "2024.01.06"]
[Round "2.13"]
[White "Tobak, Mikhail"]
[Black "Tan, Zhong Kai"]
[Result "1-0"]
[ECO "B32"]
[WhiteElo "2288"]
[BlackElo "1942"]
[Annotator "RC"]
[PlyCount "145"]
[EventDate "2024.01.02"]
[EventType "swiss"]
[EventCountry "CZE"]
[SourceTitle "playchess.com"]
[Source "ChessBase"]
[SourceQuality "1"]
[TimeControl "40/5400+30:1800+30"]

1. e4 c5 2. Nf3 Nc6 3. d4 cxd4 4. Nxd4 e5 5. Nb5 d6 6. N1c3 a6 7. Na3 Be7 8. Nd5 Nf6 9. Nxf6+ Bxf6 10. Nc4 O-O 11. Be3 Nd4 12. c3 b5 13. cxd4 exd4 14. Bxd4 bxc4 15. Bxf6 Qxf6 16. Bxc4 Bb7 17. Bd5 Bxd5 18. Qxd5 Rab8 19. O-O Rxb2 20. Rab1 Rc2 21. Rb6 Rc5 22. Qxd6 Qxd6 23. Rxd6 Ra5 24. Rd2 h5 25. Rc1 g6 26. f3 Rb8 27. Kf2 Rab5 28. Ke2 Rb2 29. Rc5 Kg7 30. Kd3 R2b4 31. Rdc2 Ra4 32. R5c4 Ra3+ 33. R4c3 Ra4 34. Kd2 Rb1 35. Rb3 Ra1 36. Rbb2 Ra3 37. Ke2 Rg1 38. Kf2 Ra1 39. h4 Rh1 40. Kg3 Ra1 41. Kf4 Rh1 42. g3 Rf1 43. Rb3 Rxb3 44. axb3 Ra1 45. Rc7 Ra5 46. Rb7 Rc5 47. e5 Kf8 48. g4 hxg4 49. fxg4 a5 50. h5 gxh5 51. gxh5 Rc1 52. h6 Kg8 53. Ke4 Rb1 54. Rb5 Kh7 55. Kf5 Rf1+ 56. Kg5 Rf3 57. Rb7 Kg8 58. Rb8+ Kh7 59. Rf8 Rf1 60. Ra8 Rf3 61. Rxa5 Rxb3 62. Ra7 Kg8 63. h7+ Kxh7 64. Rxf7+ Kg8 65. e6 Re3 66. Kf6 Ra3 67. Rg7+ Kh8 68. Rg5 Rf3+ 69. Rf5 Rxf5+ 70. Kxf5 Kg8 71. Kg6 Kf8 72. Kf6 Ke8 73. e7 1-0

[Event "Prague Open 2024"]
[Site "Prague"]
[Date "2024.01.06"]
[Round "2.14"]
[White "Elashvili, Giorgi"]
[Black "Jun, Rudolf"]
[Result "1-0"]
[ECO "A16"]
[WhiteElo "1942"]
[BlackElo "2283"]
[Annotator "RC"]
[PlyCount "85"]
[EventDate "2024.01.02"]
[EventType "swiss"]
[EventCountry "CZE"]
[SourceTitle "playchess.com"]
[Source "ChessBase"]
[SourceQuality "1"]
[TimeControl "40/5400+30:1800+30"]

1. c4 Nf6 2. Nc3 g6 3. g3 Bg7 4. Bg2 O-O 5. d4 c6 6. e4 d6 7. Nge2 e5 8. O-O Nbd7 9. h3 h6 10. Be3 exd4 11. Nxd4 Re8 12. Qc2 a5 13. Rad1 Qe7 14. Rfe1 Nc5 15. Bc1 Nh5 16. g4 Nf6 17. Bf4 Ncd7 18. Nxc6 bxc6 19. Bxd6 Qe6 20. e5 Bb7 21. exf6 Qxe1+ 22. Rxe1 Rxe1+ 23. Kh2 Nxf6 24. Qb3 Rd8 25. Bg3 Re7 26. Qb6 Rd2 27. Qxa5 Red7 28. Qb6 h5 29. g5 Nh7 30. h4 Bd4 31. c5 f5 32. Bxc6 Bxf2 33. Qb3+ Kg7 34. Bxb7 Be1+ 35. Bg2 Bxg3+ 36. Kxg3 f4+ 37. Kf3 Nf8 38. Bf1 Re7 39. Ne4 Rd4 40. Bd3 Ne6 41. Qc3 Kf8 42. Bc4 Nxc5 43. Qxd4 1-0

[Event "Prague Open 2024"]
[Site "Prague"]
[Date "2024.01.06"]
[Round "2.16"]
[White "Xie, Felix"]
[Black "Sosovickova, Jana"]
[Result "1-0"]
[ECO "A06"]
[WhiteElo "2249"]
[BlackElo "1938"]
[Annotator "RC"]
[PlyCount "115"]
[EventDate "2024.01.02"]
[EventType "swiss"]
[EventCountry "CZE"]
[SourceTitle "playchess.com"]
[Source "ChessBase"]
[SourceQuality "1"]
[TimeControl "40/5400+30:1800+30"]

1. Nf3 d5 2. e3 Nf6 3. c4 e6 4. b3 Be7 5. Bb2 O-O 6. Nc3 c5 7. cxd5 Nxd5 8. Nxd5 exd5 9. Be2 Nd7 10. O-O Bf6 11. d4 Re8 12. Qc2 cxd4 13. Bxd4 Bxd4 14. Nxd4 Nf6 15. Rac1 Re7 16. Rfd1 Bd7 17. Qc5 a6 18. Bf3 b6 19. Qa3 a5 20. h3 h6 21. Qd6 Be8 22. Qg3 Bd7 23. Rc7 Be6 24. Rc2 Ne4 25. Bxe4 dxe4 26. Rdd2 Rd7 27. Qe5 Qg5 28. Qxg5 hxg5 29. Nxe6 Rxd2 30. Rxd2 fxe6 31. Rd6 Kf7 32. Rxb6 Rd8 33. Ra6 Rd5 34. Kf1 Kf6 35. Ke1 Kf5 36. Ra7 Kf6 37. Rc7 Kg6 38. Rc4 Kf5 39. Ke2 Ke5 40. Rc7 Kf6 41. Rc8 Ke5 42. Rc4 g6 43. Ra4 Rb5 44. Rd4 Rc5 45. Kd2 Kf5 46. Rc4 Rb5 47. Kc2 Re5 48. g4+ Kf6 49. a3 Ke7 50. Rd4 Kf6 51. b4 Ke7 52. Kb3 axb4 53. axb4 Rd5 54. Rxd5 exd5 55. Kc3 Kd6 56. Kd4 Kc6 57. Ke5 Kb5 58. Kxd5 1-0

[Event "Prague Open 2024"]
[Site "Prague"]
[Date "2024.01.06"]
[Round "2.17"]
[White "Lilliehook, Victor"]
[Black "Bednar, Marcel"]
[Result "1/2-1/2"]
[ECO "B06"]
[WhiteElo "1934"]
[BlackElo "2249"]
[Annotator "RC"]
[PlyCount "85"]
[EventDate "2024.01.02"]
[EventType "swiss"]
[EventCountry "CZE"]
[SourceTitle "playchess.com"]
[Source "ChessBase"]
[SourceQuality "1"]
[TimeControl "40/5400+30:1800+30"]

1. e4 g6 2. d4 Bg7 3. Nc3 c6 4. h4 d5 5. e5 f6 6. f4 Nh6 7. Bd3 Bg4 8. Be2 Qd7 9. Bxg4 Qxg4 10. Qxg4 Nxg4 11. Nf3 Na6 12. a3 h5 13. O-O Nc7 14. Ne2 Ne6 15. b4 a5 16. Bd2 axb4 17. axb4 Kd7 18. g3 Bh6 19. Nc3 b5 20. Ne2 Nc7 21. Nh2 fxe5 22. Nxg4 hxg4 23. dxe5 Rxa1 24. Rxa1 Ra8 25. Rxa8 Nxa8 26. Be3 Nc7 27. Nc1 Bf8 28. Nb3 e6 29. Bc5 Bxc5+ 30. Nxc5+ Ke7 31. c3 Ne8 32. Nb3 Ng7 33. Nd4 Kd7 34. Kf1 Kc7 35. Kf2 Kb6 36. Nb3 Nf5 37. Nd4 Ng7 38. Nb3 Kc7 39. Nd4 Kd7 40. Kf1 Nh5 41. Kf2 Ng7 42. Kf1 Kc7 43. Kf2 1/2-1/2

[Event "Prague Open 2024"]
[Site "Prague"]
[Date "2024.01.06"]
[Round "2.18"]
[White "Eliseev, Sergey"]
[Black "Kinberg, Ofer"]
[Result "1-0"]
[ECO "C95"]
[WhiteElo "2232"]
[BlackElo "1927"]
[Annotator "RC"]
[PlyCount "93"]
[EventDate "2024.01.02"]
[EventType "swiss"]
[EventCountry "CZE"]
[SourceTitle "playchess.com"]
[Source "ChessBase"]
[SourceQuality "1"]
[TimeControl "40/5400+30:1800+30"]

1. e4 e5 2. Nf3 Nc6 3. Bb5 a6 4. Ba4 Nf6 5. O-O Be7 6. Re1 b5 7. Bb3 d6 8. c3 O-O 9. h3 Nb8 10. d4 Nbd7 11. c4 Bb7 12. Nc3 c6 13. a3 Qc7 14. Be3 Rac8 15. Ba2 Qb8 16. Qc2 h6 17. Rad1 Rfe8 18. dxe5 dxe5 19. Nh4 Bf8 20. Qb3 Re6 21. Qc2 Ree8 22. f3 Nc5 23. Ne2 Ne6 24. c5 g6 25. b4 Qc7 26. g4 Nh7 27. Kf2 Nhg5 28. Rh1 Rcd8 29. Ng2 Bc8 30. h4 Nh7 31. Qc1 g5 32. Bxe6 Bxe6 33. hxg5 hxg5 34. Bxg5 Rxd1 35. Rxd1 a5 36. Nh4 Qa7 37. Nf5 axb4 38. axb4 Qa4 39. Qd2 Qb3 40. Rh1 Ra8 41. Nc1 Qb1 42. Kg3 Ra2 43. Qd8 Bxf5 44. gxf5 Qc2 45. Nxa2 Qxa2 46. Rxh7 Kxh7 47. Qxf8 1-0

[Event "Prague Open 2024"]
[Site "Prague"]
[Date "2024.01.06"]
[Round "2.19"]
[White "Tolmacevs, Artjoms"]
[Black "Brnusak, Tomas"]
[Result "1-0"]
[ECO "C45"]
[WhiteElo "1928"]
[BlackElo "2229"]
[Annotator "RC"]
[PlyCount "77"]
[EventDate "2024.01.02"]
[EventType "swiss"]
[EventCountry "CZE"]
[SourceTitle "playchess.com"]
[Source "ChessBase"]
[SourceQuality "1"]
[TimeControl "40/5400+30:1800+30"]

1. e4 e5 2. Nf3 Nc6 3. d4 exd4 4. Nxd4 Nf6 5. Nxc6 bxc6 6. e5 Qe7 7. Qe2 Nd5 8. c4 Nb6 9. Nd2 a5 10. b3 a4 11. Bb2 axb3 12. axb3 Rxa1+ 13. Bxa1 Qa3 14. Qd1 Bb4 15. Bd3 Qa2 16. Bc2 Qa5 17. Ke2 d5 18. exd6 O-O 19. Ne4 cxd6 20. Qd4 f6 21. Rd1 Qh5+ 22. Kf1 Qxh2 23. Ng3 Bc5 24. Qf4 Nd7 25. Bc3 Ne5 26. b4 Ba7 27. Bb3 d5 28. b5 Bb8 29. cxd5 cxd5 30. Bxe5 Bxe5 31. Rxd5 Be6 32. Rxe5 Bxb3 33. Rh5 Qxh5 34. Nxh5 Bf7 35. b6 Rd8 36. Ng3 Bd5 37. Qc7 Rf8 38. Nf5 Bf7 39. b7 1-0

[Event "Prague Open 2024"]
[Site "Prague"]
[Date "2024.01.06"]
[Round "2.20"]
[White "Korniichuk, Oleksandra"]
[Black "Stanojevic, Ilija"]
[Result "0-1"]
[ECO "B20"]
[WhiteElo "1924"]
[BlackElo "2206"]
[Annotator "RC"]
[PlyCount "138"]
[EventDate "2024.01.02"]
[EventType "swiss"]
[EventCountry "CZE"]
[SourceTitle "playchess.com"]
[Source "ChessBase"]
[SourceQuality "1"]
[TimeControl "40/5400+30:1800+30"]

1. e4 c5 2. Be2 Nc6 3. f4 e6 4. Nf3 d5 5. d3 Bd6 6. O-O Nge7 7. c3 O-O 8. Na3 a6 9. e5 Bc7 10. Be3 d4 11. cxd4 cxd4 12. Bf2 b5 13. Nc2 Bb6 14. Qd2 h6 15. g4 Bb7 16. Nh4 Nd5 17. Ng2 Qd7 18. Bf3 Rad8 19. Be4 f6 20. exf6 Nxf6 21. Bf3 e5 22. h3 exf4 23. Nxf4 Ne5 24. Bxb7 Qxb7 25. Ne1 Rde8 26. Bg3 g5 27. Qg2 Qd7 28. Ne2 Nd5 29. Rxf8+ Kxf8 30. Bxe5 Rxe5 31. Nc2 Kg8 32. Rf1 Qe6 33. Qf3 Bc5 34. Rf2 Qe7 35. Kh1 Kh7 36. Ncxd4 Bxd4 37. Nxd4 Re1+ 38. Rf1 Nf4 39. Nf5 Rxf1+ 40. Qxf1 Qc5 41. d4 Qd5+ 42. Kh2 Qe4 43. Qf2 Qd3 44. Ng3 Kg6 45. b3 b4 46. Qb2 Kf7 47. Qf2 Ke6 48. Qe1+ Kd7 49. Qf2 Kc6 50. Qf1 Qxf1 51. Nxf1 Kd5 52. Ne3+ Kxd4 53. Nf5+ Kc3 54. Nxh6 Kb2 55. Nf7 Ne6 56. Nxg5 Nxg5 57. h4 Nf7 58. g5 Kxa2 59. g6 Nh6 60. Kg3 Kxb3 61. Kf4 Kc3 62. Kg5 Ng8 63. g7 b3 64. Kg6 b2 65. Kf7 b1=Q 66. Kxg8 Qf5 67. Kh8 Qh5+ 68. Kg8 Qxh4 69. Kf8 Qf6+ 0-1